 Dungeon Crawl Stone Soup version 0.18.1-48-g4cf74bf (webtiles) character file.

489 Homunkoloss the Bolt Thrower (level 7, 0/54 HPs)
             Began as a Kobold Hunter on July 21, 2016.
             Was an Initiate of Dithmenos.
             Slain by a centaur (3 damage)
             ... on level 5 of the Dungeon.
             The game lasted 00:27:01 (3846 turns).

Homunkoloss the Bolt Thrower (Kobold Hunter)        Turns: 3846, Time: 00:27:01

Health: 0/54       AC: 23    Str: 13    XL:     7   Next: 36%
Magic:  7/7        EV:  3    Int:  9    God:    Dithmenos [......]
Gold:   157        SH:  0    Dex: 18    Spells: 0 memorised, 6 levels left

rFire  . . .     SeeInvis .     s - +2 dagger (venom)
rCold  . . .     Gourm    .     (armour currently unavailable)
rNeg   + + +     Faith    .     (shield restricted)
rPois  +         Spirit   .     (helmet currently unavailable)
rElec  .         Dismiss  .     (cloak currently unavailable)
rCorr  .         Reflect  .     (gloves currently unavailable)
SustAt .         Harm     .     (boots currently unavailable)
MR     .....     NoTele   +     (no amulet)
Stlth  +++.......               (no ring)
                                (no ring)

@: tree-form, drained, not resistant to hostile enchantments, fairly stealthy
A: carnivore 3, frail 1, strong 1, evolution 1
a: Renounce Religion


You were on level 5 of the Dungeon.
You worshipped Dithmenos.
Dithmenos was noncommittal.
You were full.
You were a tree.
You visited 2 branches of the dungeon, and saw 6 of its levels.

You collected 157 gold pieces.

Inventory:

Hand Weapons
 a - a +1 hand crossbow
 b - a +0 short sword
 p - a +0 whip
 s - a +2 dagger of venom (weapon)
 u - a +0 shortbow
 D - a +0 falchion
Missiles
 d - 33 bolts
 i - 116 sling bullets
 j - 17 arrows
 l - 10 javelins
Armour
 c - a +0 leather armour
 e - a +0 helmet (melded)
 m - a +0 plate armour
 t - a +0 leather armour
 x - a +1 pair of gloves (melded)
 C - a +0 ring mail (melded)
Wands
 n - a wand of lightning (8/15)
 z - a wand of iceblast (7/15)
Scrolls
 o - 3 scrolls of identify {unknown}
 w - a scroll of fear {unknown}
 y - a scroll of magic mapping {unknown}
 A - a scroll of amnesia {unknown}
 B - a scroll of blinking {unknown}
Potions
 g - a potion of agility {unknown}
 q - a potion of mutation
 r - a potion of resistance
 v - a potion of lignification
Comestibles
 f - a meat ration
 h - 5 bread rations
 k - a royal jelly


   Skills:
 + Level 3.2(3.1) Fighting
 + Level 0.3(0.2) Short Blades
 + Level 1.3(1.2) Bows
 + Level 7.7(7.5) Crossbows
 + Level 1.9(1.7) Armour
 + Level 4.5(4.4) Dodging
 + Level 1.9(1.8) Stealth


You had 6 spell levels left.
You didn't know any spells.

Dungeon Overview and Level Annotations

Branches:
Dungeon (5/15)             Temple (1/1) D:4

Altars:
Ashenzari
Dithmenos
Ru
Sif Muna
Yredelemnul

Annotations:
D:3 Aesthetico's ghost, amateur SpEE


Innate Abilities, Weirdness & Mutations

You are small and have problems with some larger weapons.
You are carnivorous and can eat meat at any time.
You are frail (-10% HP).
Your muscles are strong. (Str +2)
You evolve.


Message History

* * * LOW HITPOINT WARNING * * *
The centaur hits you but does no damage.
The centaur hits you but does no damage.
The centaur barely misses you.
The centaur hits you but does no damage.
The centaur hits you but does no damage.
The centaur hits you but does no damage.
The centaur barely misses you.
The centaur hits you but does no damage.
The centaur hits you but does no damage. x2
The centaur hits you.
* * * LOW HITPOINT WARNING * * *
The centaur hits you.
* * * LOW HITPOINT WARNING * * *
The centaur hits you but does no damage.
The centaur looks more healthy.
The centaur hits you but does no damage.
The centaur hits you but does no damage.
The centaur hits you.
You die...

##.# #..# ########..####
## #....).)..)..# #.
########.'########).###.
........#........#.....
###..##.#.'####'.#..#..
#...c.#.#....#.#..#..
#...♣.#.#.##.#.#.##..
#....÷#.#.##.#.#.####
#.#.#?#.#....#.#..
#.#.#.#.+####'.#.#
#.#...#.. ..#.. . #...+#
##+ . #.#.. #.### #.##


You could see a centaur.

Vanquished Creatures
  An ogre (D:4)
  A howler monkey (D:4)
  An orc wizard (D:5)
  A giant frog skeleton (D:4)
  3 orc priests (D:5)
  A hound (D:5)
  Natasha (twice) (D:2)
  A hound skeleton (D:4)
  A howler monkey skeleton (D:4)
  8 adders
  2 worms
  A dart slug (D:1)
  A giant gecko (D:4)
  9 orcs
  3 giant cockroaches
  A goblin (D:1)
  A hobgoblin (D:2)
  A ball python (D:1)
  4 bats
  3 giant newts (D:1)
  3 kobolds
  2 rats
51 creatures vanquished.

Notes
Turn   | Place    | Note
--------------------------------------------------------------
     0 | D:1      | Homunkoloss the Kobold Hunter began the quest for the Orb.
     0 | D:1      | Reached XP level 1. HP: 12/12 MP: 1/1
    57 | D:1      | Reached skill level 5 in Crossbows
   144 | D:1      | Reached XP level 2. HP: 17/17 MP: 2/2
   390 | D:2      | Reached XP level 3. HP: 22/22 MP: 3/3
   509 | D:2      | Noticed Natasha
   512 | D:2      | Killed Natasha
   512 | D:2      | Reached skill level 6 in Crossbows
   573 | D:2      | Reached XP level 4. HP: 27/27 MP: 4/4
   780 | D:2      | Noticed Natasha
   786 | D:2      | Killed Natasha
   786 | D:2      | Reached XP level 5. HP: 31/31 MP: 5/5
   880 | D:3      | Noticed Aesthetico's ghost (amateur SpEE)
  1443 | D:4      | Reached skill level 7 in Crossbows
  1742 | D:4      | Found a deep blue altar of Sif Muna.
  1789 | D:4      | Noticed an ogre
  1819 | D:4      | Killed an ogre
  1819 | D:4      | Reached skill level 1 in Armour
  1819 | D:4      | Reached XP level 6. HP: 27/37 MP: 6/6
  2024 | D:4      | Found a basalt altar of Yredelemnul.
  2317 | D:4      | Gained mutation: You are frail (-10% HP). [potion of mutation]
  2317 | D:4      | Gained mutation: You evolve. [potion of mutation]
  2317 | D:4      | Gained mutation: Your muscles are strong. (Str +2) [potion of mutation]
  2719 | D:4      | Found a staircase to the Ecumenical Temple.
  2736 | Temple   | Entered the Ecumenical Temple
  2768 | Temple   | Became a worshipper of Dithmenos the Shadowed
  3073 | D:5      | Entered Level 5 of the Dungeon
  3537 | D:5      | Reached XP level 7. HP: 32/36 MP: 7/7
  3557 | D:5      | Reached skill level 1 in Bows
  3846 | D:5      | Slain by a centaur

Skill      XL: |  1  2  3  4  5  6  7 |
---------------+----------------------+-----
Crossbows      | 5 6 7 |  7.7
Dodging        | 3 4 |  4.5
Fighting       | 3 |  3.2
Armour         | 1 |  1.9
Bows           | 1 |  1.3
Short Blades   | |  0.3
Stealth        | |  1.9

Action                   |  1- 3 |  4- 6 |  7- 9 || total
-------------------------+-------+-------+-------++-------
Melee: Short sword       |       |    11 |       ||    11
       Dagger            |       |    24 |    24 ||    48
       Shortbow          |       |     1 |       ||     1
 Fire: Hand crossbow     |    32 |    46 |       ||    78
       Shortbow          |       |    31 |     5 ||    36
  Use: Potion            |       |     1 |     1 ||     2
       Scroll            |       |     1 |       ||     1
  Eat: Chunk             |     4 |     4 |     5 ||    13
Armor: Leather armour    |       |    25 |       ||    25
       Ring mail         |       |     3 |     3 ||     6
       Skin              |       |       |    11 ||    11
Dodge: Dodged            |     4 |    84 |    25 ||   113
